 Dungeon Crawl Stone Soup version 0.31-a0-774-g0d66cbabe8 (webtiles) character file.

Game seed: 16603506495522871670

1092 Shayle the Trooper (level 8, -7/83 HPs)
             Began as an Ogre Shapeshifter on Sept 17, 2023.
             Was a Believer of Kikubaaqudgha.
             Mangled by a sleepcap (17 damage)
             ... on level 6 of the Dungeon.
             The game lasted 00:11:19 (5028 turns).

Shayle the Trooper (Ogre Shapeshifter)              Turns: 5028, Time: 00:11:19

Health: -7/83      AC:  3    Str: 19    XL:     8   Next: 31%
Magic:  15/15      EV:  1    Int: 13    God:    Kikubaaqudgha [**....]
Gold:   238        SH:  0    Dex:  8    Spells: 15/16 levels left

rFire   . .          .
                       - Unarmed
rCold   + . .        (no shield)
rNeg    . . .        a - +0 animal skin
rPois   .            (helmet currently unavailable)
rElec   .            (cloak currently unavailable)
rCorr   .            (gloves unavailable)
SInv    .            (boots unavailable)
Will    .....        (no amulet)
Stlth   +            n - ring of protection from cold
HPRegen 0.33/turn    (no ring)
MPRegen 0.14/turn

%: no passive effects
@: beast-form, sleeping
A: beast (slay +2), large, unfitting armour, tough skin 1
a: Begin Untransformation, Renounce Religion, Unearth Wretches


You were on level 6 of the Dungeon.
You worshipped Kikubaaqudgha.
Kikubaaqudgha was pleased with you.
You were a hulking beast.
You visited 2 branches of the dungeon, and saw 7 of its levels.
You also visited: Ossuary.

You collected 238 gold pieces.

Inventory:

Hand Weapons
 j - a +2 short sword of freezing
 t - a +1 long sword of holy wrath
 u - a +0 broad axe
Armour
 a - a +0 animal skin (worn)
Jewellery
 b - a ring of ice
 n - a ring of protection from cold (left hand)
 p - a ring of protection from cold
Talismans
 c - a beast talisman (active)
 d - a flux talisman
Scrolls
 e - 3 scrolls of vulnerability
 h - 4 scrolls of enchant weapon
 i - a scroll of immolation {unknown}
 k - 4 scrolls of fog
 m - 3 scrolls of teleportation
 x - a scroll of poison
 y - a scroll of amnesia {unknown}
 z - a scroll of butterflies {unknown}
Potions
 g - 6 potions of curing
 l - 2 potions of degeneration
 o - a potion of might {unknown}
 q - a potion of enlightenment {unknown}
 s - a potion of resistance {unknown}
 v - a potion of haste {unknown}


   Skills:
 + Level 5.7 Fighting
 - Level 1.7 Dodging
 + Level 4.8 Unarmed Combat
 + Level 4.6 Spellcasting
 + Level 2.8 Necromancy
 + Level 5.0 Shapeshifting


You had 15 spell levels left.
You knew the following spells:

 Your Spells              Type           Power      Damage    Failure   Level
a - Necrotise             Necr           40%        1d6       6%          1

Your spell library contained the following spells:

 Spells                   Type           Power      Damage    Failure   Level
 Sublimation of Blood     Necr           10%        N/A       10%         2
 Kiss of Death            Conj/Necr      24%        2d7       11%         1
 Freeze                   Ice            12%        1d3       19%         1
 Cigotuvi's Dreadful Rot  Necr/Pois/Air  10%        N/A       21%         2
 Ensorcelled Hibernation  Hex/Ice        6%         N/A       28%         2
 Disjunction              Tloc           1%         N/A       100%        8
 Polar Vortex             Ice            1%         N/A       100%        9


Dungeon Overview and Level Annotations

Branches:
Dungeon (6/15)             Temple (1/1) D:4         Ossuary (visited)

Altars:
Ashenzari
Cheibriados
Dithmenos
Elyvilon
Fedhas
Hepliaklqana
Kikubaaqudgha
Makhleb
Nemelex Xobeh
Qazlal
Uskayaw
Wu Jian
Yredelemnul
Zin
The Shining One

Annotations:
D:3 3 runed translucent doors, soul19's ghost, amateur GnIE


Innate Abilities, Weirdness & Mutations

You are a hulking beast.
Your limbs bulge with bestial killing power. (Slay +2)
You are too large for most types of armour.
You have tough skin. (AC +1)


Message History

You hit the sleepcap but do no damage.
The sleepcap is moderately damaged.
You feel sick.
You are no longer poisoned.
The sleepcap releases spores at you but does no damage.
You hit the sleepcap but do no damage.
The sleepcap is moderately damaged.
The sleepcap barely misses you.
You hit the sleepcap.
The sleepcap is heavily damaged.
The sleepcap releases spores at you.
You are engulfed in a cloud of soporific spores!
You fall asleep.
The sleepcap completely misses you. The sleepcap releases spores at you!!
You wake up.
* * * LOW HITPOINT WARNING * * *
You feel much better. The sleepcap releases spores at you.
* * * LOW HITPOINT WARNING * * *
Aiming: Paralyse
Press: ? - help, Shift-Dir - straight line, f - sleepcap
Aim: a sleepcap (moderately damaged, chance to affect: 57%)
The sleepcap resists with significant effort.
The now-empty wand crumbles to dust.
The sleepcap releases spores at you.
* * * LOW HITPOINT WARNING * * *
You are engulfed in a cloud of soporific spores!
You are unaffected.
Okay, then.
Okay, then.
You hit the sleepcap.
The sleepcap is severely damaged.
The sleepcap barely misses you.
You hit the sleepcap.
The sleepcap is almost destroyed.
The sleepcap releases spores at you!
* * * LOW HITPOINT WARNING * * *
You are engulfed in a cloud of soporific spores!
You fall asleep.
The sleepcap releases spores at you!
You die...
Kikubaaqudgha rasps: "You have failed me!
Welcome... death!"

...#####...
................
#................
.#................
#................
#.........#....#
#.........#K...#
..........#fl..#
..........h#'#.#
#.........#.# #
#.........#.# .#
#.........#.# ..
#.........#.##.#
#..............#
#........##.####
#........##.#
###########.#


You could see a sleepcap, an iguana and a kobold.

Vanquished Creatures
  Sigmund (D:2)
  A kobold brigand (D:6)
  A water moccasin zombie (Ossuary)
  A wight (Ossuary)
  2 bullfrog zombies (Ossuary)
  3 centaur zombies (Ossuary)
  A jelly (D:5)
  A hound (D:4)
  5 iguanas
  Ijyb (D:3)
  Natasha (thrice) (D:3)
  An orc wizard (D:4)
  4 ogre zombies (Ossuary)
  Robin (D:2)
  4 adders
  2 white imps
  2 ufetubi (D:5)
  5 adder zombies (Ossuary)
  A worm (D:5)
  2 dart slugs
  10 orcs
  4 endoplasms
  4 giant cockroaches
  2 gnoll zombies (Ossuary)
  10 goblins
  9 hobgoblins
  2 jackals (D:4)
  4 quokkas
  3 ball pythons
  A bat (D:2)
  3 frilled lizards
  3 goblin zombies (Ossuary)
  2 hobgoblin zombies (Ossuary)
  A jackal zombie (D:5)
  15 kobolds
  A kobold zombie (D:5)
  3 orc zombies (Ossuary)
  5 rats
124 creatures vanquished.

Notes
Turn   | Place    | Note
-------+----------+-------------------------------------------
     0 | D:1      | Shayle the Ogre Shapeshifter began the quest for the Orb.
     0 | D:1      | Reached XP level 1. HP: 19/19 MP: 1/1
   175 | D:1      | Reached XP level 2. HP: 19/28 MP: 2/2
   531 | D:1      | Found a hide-covered altar of Uskayaw.
   585 | D:2      | Reached skill level 1 in Spellcasting
   680 | D:2      | Noticed Robin
   686 | D:2      | Killed Robin
   687 | D:2      | Reached XP level 3. HP: 23/35 MP: 4/4
   706 | D:2      | Noticed Sigmund
   719 | D:2      | Killed Sigmund
   720 | D:2      | Reached XP level 4. HP: 41/48 MP: 5/8
   720 | D:2      | Reached XP level 5. HP: 46/54 MP: 5/9
  1139 | D:2      | Got a resplendent book
  1258 | D:3      | Reached XP level 6. HP: 54/62 MP: 10/10
  1276 | D:3      | Found an ancient bone altar of Kikubaaqudgha.
  1285 | D:3      | Became a worshipper of Kikubaaqudgha
  1516 | D:3      | Noticed Natasha
  1525 | D:3      | Killed Natasha
  1621 | D:3      | Noticed Ijyb
  1629 | D:3      | Paralysed by Ijyb for 5 turns
  1638 | D:3      | Paralysed by Ijyb for 5 turns
  1649 | D:3      | Paralysed by Ijyb for 4 turns
  1653 | D:3      | Killed Ijyb
  1791 | D:3      | Noticed Natasha
  1815 | D:3      | Killed Natasha
  2203 | D:3      | Found a runed translucent gate.
  2203 | D:3      | Found a runed translucent gate.
  2203 | D:3      | Found a runed translucent gate.
  2269 | D:3      | Noticed Natasha
  2275 | D:3      | Killed Natasha
  2339 | D:3      | Reached skill level 1 in Necromancy
  2363 | D:3      | Noticed soul19's ghost (amateur GnIE)
  2492 | D:4      | Reached * piety under Kikubaaqudgha
  2492 | D:4      | Received a gift from Kikubaaqudgha
  2505 | D:4      | Found a staircase to the Ecumenical Temple.
  2524 | Temple   | Entered the Ecumenical Temple
  2694 | D:4      | Reached XP level 7. HP: 12/71 MP: 12/12
  3167 | D:5      | Entered Level 5 of the Dungeon
  3330 | D:5      | Found a sand-covered staircase.
  3351 | Ossuary  | Entered an ossuary
  3474 | Ossuary  | Reached ** piety under Kikubaaqudgha
  3551 | Ossuary  | Reached skill level 5 in Fighting
  3877 | Ossuary  | Reached XP level 8. HP: 37/80 MP: 14/14
  4143 | Ossuary  | Noticed a silent spectre
  4183 | D:5      | Found a shadowy altar of Dithmenos.
  4407 | D:4      | Learned a level 1 spell: Necrotise
  5007 | D:6      | Reached skill level 5 in Shapeshifting
  5028 | D:6      | Mangled by a sleepcap

Illustrated notes

Levels and vault maps discovered:
D:1:      dpeg_arrival_water_altar, layout_rooms
D:2:      layout_loops_ring, uniq_robin, uniq_sigmund
D:3:      layout_loops_ring, kiku_gazebo_pond_becter, gammafunk_ghost_icy,
          minmay_misc_feat_hallway, uniq_natasha, uniq_ijyb
D:4:      layout_cave_pools, minmay_temple_entry_slanted
D:5:      layout_rooms, mainiacjoe_overflow_cross_hatched, enter_ossuary_3
D:6:      layout_basic, uniq_maggie, uniq_edmund, uniq_grinder, uniq_duvessa
Temple:   hellmonk_temple_forest_ring

Skill      XL: |  1  2  3  4  5  6  7  8 |
---------------+-------------------------+-----
Fighting       | 2 3 4 5 |  5.7
Spellcasting   | 1 2 3 4 |  4.6
Unarmed Combat | 3 4 |  4.8
Shapeshifting  | 4 5 |  5.0
Necromancy     | 1 2 |  2.8
Dodging        | |  1.7

Action                     |  1- 3 |  4- 6 |  7- 9 || total
---------------------------+-------+-------+-------++-------
  Melee: Unarmed           |    70 |   193 |   140 ||   403
         Punch             |       |     3 |     6 ||     9
         Long sword        |       |       |    81 ||    81
  Evoke: Wand              |       |     4 |     3 ||     7
    Use: Potion            |     1 |     1 |     3 ||     5
         Scroll            |       |     5 |     3 ||     8
   Stab: Paralysed         |       |     3 |       ||     3
 Armour: Animal skin       |    26 |   135 |   175 ||   336
         Skin              |     6 |       |       ||     6
  Dodge: Dodged            |    31 |    73 |   119 ||   223

Table legend: (Time is in decaauts)
 A = Elapsed time spent in this place.
 B = Non-inter-level travel time spent in this place.
 C = Inter-level travel time spent in this place.
 D = Time resting spent in this place.
 E = Time spent auto-exploring this place.
 F = Levels seen in this place.
 G = Mean time per level.
                   A        B        C        D        E       F      G
               +--------+--------+--------+--------+--------+-----+--------+
         Total |   5029 |   4950 |     79 |   1218 |   2471 |   8 |  628.6 |
       Dungeon |   4165 |   4086 |     79 |    623 |   2471 |   6 |  694.2 |
        Temple |      1 |      1 |      0 |      0 |      0 |   1 |    1.0 |
       Ossuary |    862 |    862 |      0 |    595 |      0 |   1 |  862.0 |
               +--------+--------+--------+--------+--------+-----+--------+

Top non-repeatable levels by time:
     D:3: 1232 daAuts
     D:4: 968 daAuts
 Ossuary: 862 daAuts
     D:2: 672 daAuts
     D:1: 570 daAuts
     D:5: 479 daAuts
     D:6: 241 daAuts
  Temple: 1 daAuts
